AoeStats
← natake

Glade

510318038Analyzed
1v1 RM · 19h ago on Sep 30, 2026· 37m 24s· 2 players
Game mode
Random Map
Map size
Tiny (2 player)
Population
200
Speed
Normal
Resources
Standard
Victory
Conquest
Starting age
Dark Age
Ending age
Imperial Age
RankedLock teamsTeams togetherTeam positionsShared explorationLock speedFull tech treeHidden civsTurbo modeCheats
Victory
Defeat
🇫🇷 Turks · France
1109
+14
🇵🇱 Huns · Poland
1069
-14
...1
11:16 Feudal Age
11:44 Double-Bit Axe
12:04 Horse Collar
12:51 Man-at-Arms
18:54 Castle Age
18:50 Wheelbarrow
19:52 Bow Saw
19:43 Heavy Plow
20:51 Gold Mining
22:26 Loom
22:58 Hand Cart
23:49 Light Cavalry
25:29 Bloodlines
25:20 Husbandry
26:41 Town Watch
28:02 Scale Barding Armor
28:07 Forging
29:17 Chain Barding Armor
31:13 Elite Skirmisher
31:58 Fletching
32:08 Padded Archer Armor
32:44 Iron Casting
34:35 Ballistics
34:37 Thumb Ring
34:50 Bodkin Arrow
35:11 Leather Archer Armor
38:32 Imperial Age
natake
13:46 Feudal Age
16:58 Wheelbarrow
16:40 Horse Collar
16:48 Double-Bit Axe
16:59 Gold Mining
19:44 Castle Age
24:07 Imperial Age
22:18 Padded Archer Armor
22:54 Heavy Plow
23:34 Leather Archer Armor
25:38 Ring Archer Armor
32:25 Stone Mining
32:50 Bow Saw
33:20 Gold Shaft Mining
Connection lost

Rejoining the realm…

Still unreachable

The connection could not be restored.

Session expired

The server has moved on; the page needs a fresh start.